 Dungeon Crawl Stone Soup version 0.28-a0-445-g51f8dfeb47 (webtiles) character file.

Game seed: 13613137514703660012

430 Morbidden the Firebug (level 6, -2/48 HPs)
             Began as a Demonspawn Cinder Acolyte on Sept 12, 2021.
             Was an Elder of Ignis.
             Shot with an arrow by a centaur (6 damage)
             ... on level 4 of the Dungeon.
             The game lasted 00:04:33 (4296 turns).

Morbidden the Firebug (Demonspawn Cinder Acolyte)   Turns: 4296, Time: 00:04:34

Health: -2/48      AC:  7    Str: 14    XL:     6   Next: 66%
Magic:  7/11       EV: 11    Int: 17    God:    Ignis [****..]
Gold:   158        SH:  0    Dex:  9    Spells: 10/12 levels left

rFire   + . .      SeeInvis .   d - +2 dagger (drain)
rCold   . . .      Faith    .   (no shield)
rNeg    . . .      Spirit   .   b - +0 robe
rPois   .          Reflect  .   (no helmet)
rElec   .          Harm     .   f - +2 cloak {rCorr}
rCorr   +          Rampage  .   (no gloves)
Will    .....                   (no boots)
Stlth   +.........              (no amulet)
HPRegen 0.16/turn               (no ring)
MPRegen 0.24/turn               (no ring)

@: no status effects
A: talons 1, icy blue scales 1, magic regeneration
a: Renounce Religion, Sea of Fire, Foxfire Swarm, Rising Flame


You were on level 4 of the Dungeon.
You worshipped Ignis.
Ignis was greatly pleased with you.
You visited 1 branch of the dungeon, and saw 4 of its levels.

You collected 158 gold pieces.

Inventory:

Hand Weapons
 a - a -1 falchion of flaming
 d - a +2 dagger of draining (weapon)
Armour
 b - a +0 robe (worn)
 f - a +2 cloak of preservation (worn)
Jewellery
 i - a ring of flight
Scrolls
 c - a scroll of identify {unknown}
Potions
 e - a potion of magic {unknown}
 g - a potion of degeneration {unknown}
 h - a potion of brilliance {unknown}


   Skills:
 * Level 4.2 Fighting
 + Level 0.5(1.9) Short Blades
 + Level 3.0 Long Blades
 + Level 0.5 Dodging
 + Level 0.3 Stealth
 * Level 3.7 Spellcasting
 * Level 4.7 Fire Magic


You had 10 spell levels left.
You knew the following spells:

 Your Spells              Type           Power      Damage    Failure   Level
a - Scorch                Fire           38%        2d6       3%          2

Your spell library contained the following spells:

 Spells                   Type           Power      Damage    Failure   Level
 Sting                    Tmut/Pois      12%        1d3       16%         1
 Poisonous Vapours        Pois/Air       6%         N/A       24%         2
 Gell's Gravitas          Tloc           1%         N/A       43%         3
 Lesser Beckoning         Tloc           3%         N/A       43%         3
 Teleport Other           Tloc           3%         N/A       43%         3
 Olgreb's Toxic Radiance  Pois           3%         N/A       85%         4


Dungeon Overview and Level Annotations

Branches:
Dungeon (4/15)             Temple (0/1) D:4

Altars:

Shops:
D:1 (


Innate Abilities, Weirdness & Mutations

You have sharp toenails.
You are partially covered in icy blue scales. (AC +2)
You regenerate magic rapidly.


Message History

You can't see any susceptible monsters within range! (Use Z to cast anyway.) Unknown command.
The centaur shoots an arrow.
The arrow hits you but does no damage.
The centaur shoots an arrow.
The arrow hits you!
Unknown command.
Casting: Scorch (safe; 3% risk of failure)
Confirm with . or Enter, or press ? or * to list all spells.
You can't see any susceptible monsters within range! (Use Z to cast anyway.)
Casting: Scorch (safe; 3% risk of failure)
Confirm with . or Enter, or press ? or * to list all spells.
You don't know that spell.
Unknown command.
Okay, then.
The centaur shoots an arrow.
The arrow closely misses you.
Casting: Scorch (safe; 3% risk of failure)
Confirm with . or Enter, or press ? or * to list all spells.
You can't see any susceptible monsters within range! (Use Z to cast anyway.) Unknown command.
The centaur shoots an arrow.
The arrow closely misses you.
The centaur shoots an arrow.
The arrow hits you!
* * * LOW HITPOINT WARNING * * *
Casting: Scorch (safe; 3% risk of failure)
Confirm with . or Enter, or press ? or * to list all spells.
You don't know that spell.
Casting: Scorch (safe; 3% risk of failure)
Confirm with . or Enter, or press ? or * to list all spells.
Flames lash the centaur.
The centaur is moderately wounded.
The centaur's fire resistance burns away.
The centaur shoots an arrow.
The arrow misses you.
The centaur shoots an arrow.
The arrow hits you.
* * * LOW HITPOINT WARNING * * *
Unknown command.
Unknown command.
Casting: Scorch (safe; 3% risk of failure)
Confirm with . or Enter, or press ? or * to list all spells.
Flames lash the centaur.
The centaur is burned terribly!
The centaur is severely wounded.
The centaur shoots an arrow.
The arrow hits you.
You die...

#.....###
##.....#.##
###.....##..#
####.......#...###
.#.#......>.......#
.................#
.#...........##..#
#...............# #
#...........#@.##
.###..............#
..............#.c..#
.....#.#†.....##..##
#..#.#.#...#######
#.#.#.#.#..# ####
.#..#.>.#..#####..#
...#.#.#.#.###....#
....#.#.#........##


You could see a centaur (inflammable).

Vanquished Creatures
  A necrophage (D:4)
  A centaur zombie (D:4)
  A hound (D:4)
  Crazy Yiuf (D:2)
  2 orc priests (D:3)
  Terence (D:2)
  Natasha (D:3)
  7 adders
  3 dart slugs
  3 orcs (D:3)
  9 ball pythons
  7 endoplasms
  5 giant cockroaches
  2 goblins
  11 hobgoblins
  6 jackals
  2 quokkas (D:1)
  2 ball python zombies (D:1)
  2 bats
  4 frilled lizards
  5 kobolds
  A rat (D:1)
77 creatures vanquished.

Vanquished Creatures (others)
  43 foxfires
43 creatures vanquished.

Grand Total: 120 creatures vanquished

Notes
Turn   | Place    | Note
-------+----------+-------------------------------------------
     0 | D:1      | Morbidden the Demonspawn Cinder Acolyte began the quest for
                  | the Orb.
     0 | D:1      | Reached XP level 1. HP: 18/18 MP: 2/2
   435 | D:1      | Gained mutation: You regenerate magic rapidly. [demonic
                  | ancestry]
   435 | D:1      | Reached XP level 2. HP: 24/24 MP: 3/3
   452 | D:1      | Found Ilaitte's Weapon Boutique.
   456 | D:1      | Learned a level 2 spell: Scorch
   868 | D:1      | Found a faded altar of an unknown god.
  1198 | D:1      | Reached XP level 3. HP: 28/29 MP: 1/5
  1973 | D:2      | Gained mutation: You are partially covered in icy blue
                  | scales. (AC +2) [demonic ancestry]
  1973 | D:2      | Reached XP level 4. HP: 24/35 MP: 1/6
  2025 | D:2      | Noticed Terence
  2040 | D:2      | Killed Terence
  2385 | D:2      | Found a runed translucent door.
  2386 | D:2      | Noticed Crazy Yiuf
  2423 | D:2      | Killed Crazy Yiuf
  2807 | D:2      | Reached XP level 5. HP: 38/41 MP: 0/8
  3157 | D:3      | Noticed Natasha
  3171 | D:3      | Killed Natasha
  3667 | D:3      | Gained mutation: You have sharp toenails. [demonic
                  | ancestry]
  3667 | D:3      | Reached XP level 6. HP: 47/48 MP: 2/10
  4201 | D:4      | Found a staircase to the Ecumenical Temple.
  4296 | D:4      | Shot with an arrow by a centaur

Illustrated notes

Levels and vault maps discovered:
D:1:      saegor_arrival_fortress, layout_basic, serial_shops, shop,
          ebering_ecumenical_altar_webs
D:2:      layout_rooms, uniq_terence, uniq_crazy_yiuf_cottage
D:3:      layout_loops_ring, uniq_natasha
D:4:      layout_cave_pools, minmay_overflow_temple_star_quad, fedhas_altar_4,
          minmay_temple_entry_grid, hangedman_decor_lopped, uniq_ijyb

Skill      XL: |  1  2  3  4  5  6 |
---------------+-------------------+-----
Fire Magic     | 3 4 |  4.7
Long Blades    | 3 |  3.0
Spellcasting   | 2 3 |  3.7
Fighting       | 4 |  4.2
Short Blades   | |  0.5
Dodging        | |  0.5
Stealth        | |  0.3

Action                   |  1- 3 |  4- 6 || total
-------------------------+-------+-------++-------
Melee: Falchion          |    31 |       ||    31
       Dagger            |    55 |    33 ||    88
 Cast: Scorch            |    19 |    56 ||    75
Invok: Foxfire Swarm     |       |     3 ||     3
  Use: Scroll            |       |     1 ||     1
Armor: Robe              |    14 |    39 ||    53
Dodge: Dodged            |    65 |    73 ||   138

Table legend: (Time is in decaauts)
 A = Elapsed time spent in this place.
 B = Non-inter-level travel time spent in this place.
 C = Inter-level travel time spent in this place.
 D = Time resting spent in this place.
 E = Time spent auto-exploring this place.
 F = Levels seen in this place.
 G = Mean time per level.
                   A        B        C        D        E       F      G
               +--------+--------+--------+--------+--------+-----+--------+
         Total |   4300 |   4204 |     96 |    687 |   2966 |   4 | 1075.0 |
       Dungeon |   4300 |   4204 |     96 |    687 |   2966 |   4 | 1075.0 |
               +--------+--------+--------+--------+--------+-----+--------+

Top non-repeatable levels by time:
     D:2: 1539 daAuts
     D:1: 1476 daAuts
     D:3: 1043 daAuts
     D:4: 241 daAuts
